 Dungeon Crawl Stone Soup version 0.31-a0-844-gdc52ec4e09 (webtiles) character file.

Game seed: 17388238151476965771

191 Kurtz the Chopper (level 5, -2/36 HPs)
             Began as an Octopode Fighter on Sept 30, 2023.
             Slain by a goblin
             ... wielding a +0 dagger
             ... led by Robin
              (5 damage)
             ... on level 4 of the Dungeon.
             The game lasted 00:01:41 (2668 turns).

Kurtz the Chopper (Octopode Fighter)                Turns: 2668, Time: 00:01:42

Health: -2/36      AC:  1    Str: 15    XL:     5   Next: 70%
Magic:  5/5        EV: 13    Int: 11    God:
Gold:   222        SH:  4    Dex: 13    Spells: 4/4 levels left

rFire   . . .        a - +0 war axe
rCold   . . .        b - +0 buckler
rNeg    . . .        (helmet restricted)
rPois   .            (no amulet)
rElec   .            (no ring)
rCorr   .            (no ring)
SInv    .            (no ring)
Will    .....        (no ring)
Stlth   ++           (no ring)
HPRegen 0.26/turn    (no ring)
MPRegen 0.09/turn    (no ring)
                     (no ring)

%: no passive effects
@: no status effects
A: almost no armour, amphibious, 8 rings, camouflage 1, gelatinous body 1,
(nimble swimmer 1), tentacles
a: no special abilities


You were on level 4 of the Dungeon.
You visited 1 branch of the dungeon, and saw 4 of its levels.

You collected 222 gold pieces.

Inventory:

Hand Weapons
 a - a +0 war axe (weapon)
Armour
 b - a +0 buckler (worn)
Scrolls
 d - a scroll of noise {unknown}
 e - a scroll of identify {unknown}
 f - a scroll of amnesia {unknown}
 i - a scroll of vulnerability {unknown}
 k - 2 scrolls of enchant weapon {unknown}
 l - a scroll of blinking {unknown}
Potions
 c - 2 potions of might
 g - 2 potions of curing {unknown}
 h - a potion of degeneration {unknown}
 j - a potion of lignification {unknown}


   Skills:
 - Level 3.0 Fighting
 * Level 5.7 Axes
 - Level 3.0 Dodging
 - Level 3.0 Shields


You had 4 spell levels left.
You didn't know any spells.
Your spell library was empty.

Dungeon Overview and Level Annotations

Branches:
Dungeon (4/15)
 Temple: D:4-7

Altars:

Shops:
D:3 (

Annotations:
D:4 Robin


Innate Abilities, Weirdness & Mutations

You cannot wear most types of armour.
You are amphibious.
You can wear up to eight rings at the same time.
Your skin changes colour to match your surroundings (Stealth+).
Your rubbery body absorbs attacks. (AC +1, EV +1)
((You are camouflaged when in or above water. (Stealth+)))
You have tentacles for arms and can constrict up to eight enemies at once.


Message History

You climb downwards.
Level annotation: Robin The goblin hits you with a +0 dagger.
The endoplasm closely misses you. The goblin hits you with a +0 dagger.
The endoplasm hits you.
There is a stone staircase leading up, spattered with blood here.
The goblin hits you with a +0 dagger. You block the endoplasm's attack.
You climb upwards.
There is a stone staircase leading down here.
You barely miss the endoplasm. You squeeze the endoplasm.
You kill the endoplasm!
You closely miss the goblin. The goblin hits you with a +0 dagger.
Unknown command.
You slash the goblin!
You kill the goblin!
No target in view!
No target in view!
You start resting.
HP restored.
You climb downwards.
Level annotation: Robin Robin roars a battlecry!
The goblin goes into a battle-frenzy!
You block the iguana's attack.
The goblin shouts!
There is a stone staircase leading up, spattered with blood here.
You barely miss the iguana. You grab the iguana.
You constrict the iguana, but do no damage.
Robin zaps a wand.
The puff of flame hits you! The iguana bites you.
You slash the iguana!
The iguana is heavily wounded.
You constrict the iguana. Robin throws the goblin at you! The iguana bites you!
The goblin barely misses you.
A jelly comes into view.
You block the iguana's attack. The goblin hits you with a +0 dagger.
* * * LOW HITPOINT WARNING * * *
You release your grip on the iguana.
Robin zaps a wand.
The puff of flame hits you!
* * * LOW HITPOINT WARNING * * *
The iguana barely misses you. The goblin hits you with a +0 dagger.
You die...

.##.... ...
..#.... ...
....... ..
....... .. .
...!... .## ...
....... ..#..##
.......##.g.....
......g@........
.......l##..#...
.J......# .#
##...#..# ..
#...##.## ..
.... #. .. ...
.. . .. .#


You could see an iguana, a jelly (wandering), Robin and a goblin (strong).

Vanquished Creatures
  An orc wizard (D:3)
  Natasha (thrice) (D:2)
  2 worms
  2 dart slugs
  4 orcs (D:3)
  9 endoplasms
  3 giant cockroaches
  18 goblins
  6 hobgoblins
  4 kobolds
  4 ball pythons
  6 bats
  5 frilled lizards
  6 rats
73 creatures vanquished.

Notes
Turn   | Place    | Note
-------+----------+-------------------------------------------
     0 | D:1      | Kurtz the Octopode Fighter began the quest for the Orb.
     0 | D:1      | Reached XP level 1. HP: 16/16 MP: 1/1
   101 | D:1      | Reached XP level 2. HP: 21/21 MP: 2/2
   294 | D:1      | Reached skill level 3 in Axes
   570 | D:2      | Reached XP level 3. HP: 26/26 MP: 3/3
   867 | D:2      | Noticed Natasha
   878 | D:2      | Killed Natasha
   879 | D:2      | Reached skill level 4 in Axes
   879 | D:2      | Reached XP level 4. HP: 11/31 MP: 4/4
   996 | D:2      | Noticed Natasha
  1006 | D:2      | Killed Natasha
  1171 | D:2      | Noticed Natasha
  1177 | D:2      | Killed Natasha
  1178 | D:2      | Reached skill level 5 in Axes
  1226 | D:2      | Reached XP level 5. HP: 36/36 MP: 5/5
  1372 | D:2      | Found a faded altar of an unknown god.
  2156 | D:3      | Found Voak's Weapon Boutique.
  2528 | D:4      | Noticed Robin
  2668 | D:4      | Slain by a goblin

Illustrated notes

Levels and vault maps discovered:
D:1:      shiori_arrival_maze, layout_rooms
D:2:      minmay_spotlight, layout_loops_cross,
          shapermc_ecumenical_altar_hornbeckon, minivault_27,
          hangedman_decor_riveting, columned_hall_lemuel, uniq_natasha
D:3:      layout_basic, serial_shops, nicolae_shop_peninsula,
          lemuel_flame_loot_1
D:4:      layout_cave_pools, serial_shops, shop, uniq_robin

Skill      XL: |  1  2  3  4 |
---------------+-------------+-----
Axes           | 3 4 5 |  5.7
Fighting       | |  3.0
Dodging        | |  3.0
Shields        | |  3.0

Action                     |  1- 3 |  4- 6 || total
---------------------------+-------+-------++-------
  Melee: War axe           |    61 |    80 ||   141
         Constrict         |    10 |    19 ||    29
         Tentacles         |     5 |     7 ||    12
         Punch             |     1 |       ||     1
   Stab: Sleeping          |     7 |     8 ||    15
 Armour: Skin              |    26 |    51 ||    77
  Dodge: Dodged            |    38 |    49 ||    87
  Block: Buckler           |     9 |    24 ||    33

Table legend: (Time is in decaauts)
 A = Elapsed time spent in this place.
 B = Non-inter-level travel time spent in this place.
 C = Inter-level travel time spent in this place.
 D = Time resting spent in this place.
 E = Time spent auto-exploring this place.
 F = Levels seen in this place.
 G = Mean time per level.
                   A        B        C        D        E       F      G
               +--------+--------+--------+--------+--------+-----+--------+
         Total |   2718 |   2590 |    128 |    315 |   1815 |   4 |  679.5 |
       Dungeon |   2718 |   2590 |    128 |    315 |   1815 |   4 |  679.5 |
               +--------+--------+--------+--------+--------+-----+--------+

Top non-repeatable levels by time:
     D:3: 1144 daAuts
     D:2: 1028 daAuts
     D:1: 526 daAuts
     D:4: 17 daAuts
